[Event "Early-Titled-Tuesday-Blitz-April-02-2024"]
[Site "Chess.com"]
[Date "2024.04.02"]
[Round "8"]
[White "diamonds13"]
[Black "Orphanator2009"]
[Result "0-1"]
[WhiteElo "2353"]
[BlackElo "2526"]
[TimeControl "180+1"]
[EndTime "9:26:20 PDT"]
[Termination "Orphanator2009 won on time"]

1. d4 Nf6 2. c4 e6 3. Nc3 Bb4 4. Qb3 Nc6 5. e3 d6 6. a3 Bxc3+ 7. Qxc3 e5 8. d5 Nb8 9. Bd3 O-O 10. Ne2 a5 11. b3 b6 12. Ng3 Nbd7 13. O-O Re8 14. b4 axb4 15. axb4 Rxa1 16. Qxa1 Bb7 17. Bf5 b5 18.
cxb5 Bxd5 19. Rd1 Qa8 20. e4 Qxa1 21. exd5 Nb6 0-1

[Event "Early-Titled-Tuesday-Blitz-April-02-2024"]
[Site "Chess.com"]
[Date "2024.04.02"]
[Round "8"]
[White "Mazarini41"]
[Black "rionelG"]
[Result "0-1"]
[WhiteElo "2425"]
[BlackElo "2201"]
[TimeControl "180+1"]
[EndTime "9:26:22 PDT"]
[Termination "rionelG won by checkmate"]

1. e4 c5 2. Nf3 d6 3. d4 cxd4 4.
Nxd4 Nf6 5. Nc3 a6 6. f3 e5 7. Nb3 Be6 8. Be3 Nbd7 9. Qd2 h5 10. Be2 Rc8 11. O-O-O b5 12. h3 h4 13. Bg5 Be7 14. Kb1 Qc7 15. Nd5 Bxd5 16. exd5 Nb6 17. Bxf6 Bxf6 18. Na5 O-O 19. g4 hxg3 20. h4 Na4 21. Nc6 e4 22. h5 Nxb2 23. h6 Nc4 24. Bxc4 bxc4 25. hxg7 Rb8+ 26. Nb4 Rxb4+ 27. Qxb4 Rb8 28. Rh8+ Kxg7 29. Rxb8 Qe7 30. Rb7 Qe5 31. Qxc4 Qa1# 0-1

[Event "Early-Titled-Tuesday-Blitz-April-02-2024"]
[Site "Chess.com"]
[Date "2024.04.02"]
[Round "8"]
[White "GMAneta"]
[Black "DonCiao"]
[Result "1-0"]
[WhiteElo "2489"]
[BlackElo "2011"]
[TimeControl "180+1"]
[EndTime "9:26:23 PDT"]
[Termination "GMAneta won by checkmate"]

1. d4 Nf6 2. Nf3 g6 3. g3 Bg7 4. Bg2 d5 5. c4 dxc4 6. Na3 c3 7. bxc3 c5 8. O-O O-O 9. e3 Nd5 10. Bb2 Nc6 11. Qe2 Nb6 12. Rfd1 Na4 13. Nc4 Nxb2 14. Qxb2 Be6 15. Qxb7 Bxc4 16. Qxc6 Rc8 17. Qb7 Qa5 18. Qxe7 Qxc3 19. Rac1 Qb4 20. a3 Qa4 21. dxc5 Be2 22. Rd7 Qxa3 23. Rb1 Qxc5 24. Rxa7 Qc1+ 25. Rxc1 Rxc1+ 26. Bf1 Bxf1 27. h4 Be2+ 28. Kg2 Bf1+ 29. Kh2 h5 30.
Ng5 Bb5 31. Nxf7 Bc6 32. Nh6+ Kh8 33. Qxg7# 1-0

[Event "Early-Titled-Tuesday-Blitz-April-02-2024"]
[Site "Chess.com"]
[Date "2024.04.02"]
[Round "8"]
[White "AlphaGoosee"]
[Black "manitodeplomo"]
[Result "1-0"]
[WhiteElo "2548"]
[BlackElo "2649"]
[TimeControl "180+1"]
[EndTime "9:26:25 PDT"]
[Termination "AlphaGoosee won by resignation"]

1. e4 c5 2. Nf3 e6 3. d4 cxd4 4. Nxd4 a6 5. Nc3 b5 6. Bd3 Qb6 7. Nf3 Bb7 8. O-O d6 9. a4 b4 10.
a5 Qc7 11. Na4 Qxa5 12. Be3 Qc7 13. Nb6 a5 14. Nxa8 Bxa8 15. Bb5+ Bc6 16. Nd4 Nf6 17. Nxc6 Nxc6 18. Qd4 Be7 19. Qc4 Kd7 20. Rxa5 d5 21. Bxc6+ Qxc6 22. Ra7+ Kd6 23. e5+ 1-0

[Event "Early-Titled-Tuesday-Blitz-April-02-2024"]
[Site "Chess.com"]
[Date "2024.04.02"]
[Round "8"]
[White "esrosenberg"]
[Black "kereswasbest"]
[Result "0-1"]
[WhiteElo "2454"]
[BlackElo "2263"]
[TimeControl "180+1"]
[EndTime "9:26:27 PDT"]
[Termination "kereswasbest won by resignation"]

1. d4 d5 2. c4 e6 3. Nf3 Be7 4. g3 Nf6 5. Bg2 O-O 6. O-O c5 7. Bg5 cxd4 8. Nxd4 Nc6 9. Nxc6 bxc6 10. Nc3 Ba6 11. cxd5 cxd5 12. Re1 h6 13. Be3 Rb8 14. Rb1 Qa5 15. Bd4 Rfc8 16. e3 Rb7 17. h4 Rcb8 18. Qc2 Rc8 19. g4 Nxg4 20. Bf3 Nf6 21. Kh2 Qc7+ 22.
Kh1 Rb4 0-1

[Event "Early-Titled-Tuesday-Blitz-April-02-2024"]
[Site "Chess.com"]
[Date "2024.04.02"]
[Round "8"]
[White "BardArtem"]
[Black "Andrey_Klymchuk"]
[Result "1-0"]
[WhiteElo "2854"]
[BlackElo "2717"]
[TimeControl "180+1"]
[EndTime "9:26:34 PDT"]
[Termination "BardArtem won by resignation"]

1. e4 c6 2. Nf3 d5 3. exd5 cxd5 4. Ne5 Nc6 5. d4 Nxe5 6. dxe5 e6 7. Nd2 Ne7 8. Nf3 Nc6 9. c3 Bc5 10. Bd3 h6 11. O-O Bd7 12. Qe2 a6 13. Be3 Qb6 14. Bxc5 Qxc5 15. Rad1 O-O 16. Rfe1 Rfc8 17. h3 b5 18. a3 Rab8 19. Bb1 Ne7 20. Nd4 a5 21.
Qd3 Ng6 22. Qg3 Nf8 23. Nc2 Qb6 24. Rd4 Rc4 25. Red1 Ng6 26. Ne3 Rxd4 27. Rxd4 Be8 28. h4 Qc7 29. h5 Nxe5 30. Ng4 f6 31. Nxf6+ Kh8 32. Ng4 Nf3+ 33. gxf3 Bxh5 34. Qxc7 1-0

[Event "Early-Titled-Tuesday-Blitz-April-02-2024"]
[Site "Chess.com"]
[Date "2024.04.02"]
[Round "8"]
[White "Sasha_Solovev_777"]
[Black "PapaieDudu"]
[Result "0-1"]
[WhiteElo "2229"]
[BlackElo "2381"]
[TimeControl "180+1"]
[EndTime "9:26:39 PDT"]
[Termination "PapaieDudu won by resignation"]

1. e4 c5 2. Nf3 d6 3. d4 cxd4 4. Nxd4 Nf6 5. Nc3 a6 6. Be3 e6 7. f3 b5 8. Qd2 Nbd7 9. O-O-O Bb7 10. g4 Nb6 11. g5 Nfd7 12. h4 Rc8 13. Kb1 Be7 14.
h5 b4 15. Nce2 Nc4 16. Qc1 d5 17. Rg1 dxe4 18. f4 Qa5 19. g6 hxg6 20. hxg6 Nf6 21.
gxf7+ Kxf7 22. f5 exf5 23. Nf4 Ng4 24. Bxc4+ Rxc4 25. Nb3 Qc7 26. Bd4 Rh2 27. Rg2 Bg5 28. Rxh2 Bxf4 29. Rh5 Bxc1 30. Rxf5+ Kg6 31. Rf8 Bg5 0-1

[Event "Early-Titled-Tuesday-Blitz-April-02-2024"]
[Site "Chess.com"]
[Date "2024.04.02"]
[Round "8"]
[White "Refrigerator1955"]
[Black "RantomOpening"]
[Result "0-1"]
[WhiteElo "2000"]
[BlackElo "2573"]
[TimeControl "180+1"]
[EndTime "9:26:40 PDT"]
[Termination "RantomOpening won by resignation"]

1. e4 c5 2. Nf3 e6 3. Nc3 Nc6 4. g3 Nf6 5. Bg2 d5 6. exd5 exd5 7. d4 cxd4 8. Nxd4 Bg4 9. Qd3 Be7 10. a3 O-O 11. O-O Qd7 12. Re1 Rfe8 13. Be3 Bh3 14.
Bh1 Ne5 15. Qb5 Qxb5 16. Ncxb5 Rad8 17. Nxa7 Nc4 18. b3 Nxe3 19. Rxe3 Bc5 20. Nab5 Ng4 21. Rd3 Re2 22. Bf3 Ree8 23. b4 Bb6 24. Rad1 Ne5 25.
Re3 Nxf3+ 26. Nxf3 Bxe3 27. fxe3 Rxe3 28. Kf2 Rde8 29.
Rd2 Bg4 30. Nbd4 Rxa3 31. Nb5 Rxf3+ 0-1

[Event "Early-Titled-Tuesday-Blitz-April-02-2024"]
[Site "Chess.com"]
[Date "2024.04.02"]
[Round "8"]
[White "KetiTsatsalashvili"]
[Black "PawnEatingZombie"]
[Result "1-0"]
[WhiteElo "2420"]
[BlackElo "2189"]
[TimeControl "180+1"]
[EndTime "9:26:45 PDT"]
[Termination "KetiTsatsalashvili won on time"]

1. d4 Nf6 2. Nf3 g6 3. c4 Bg7 4. Nc3 O-O 5. e4 d6 6. Be2 e5 7. O-O exd4 8. Nxd4 Re8 9. f3 c6 10. Kh1 Nbd7 11. Bf4 Nh5 12. Be3 Nc5 13. Qd2 Nf6 14. Rad1 a5 15. Bg5 a4 16. Nc2 h6 17. Bxh6 Bxh6 18.
Qxh6 Qe7 19. Qf4 1-0

[Event "Early-Titled-Tuesday-Blitz-April-02-2024"]
[Site "Chess.com"]
[Date "2024.04.02"]
[Round "8"]
[White "ExchangeAB"]
[Black "HajiyevKanan"]
[Result "0-1"]
[WhiteElo "2474"]
[BlackElo "2603"]
[TimeControl "180+1"]
[EndTime "9:26:48 PDT"]
[Termination "HajiyevKanan won by resignation"]

1. d4 d5 2. Bf4 c5 3. e3 cxd4 4. exd4 Nc6 5. c3 Nf6 6. Bd3 Bg4 7. Qb3 Qb6 8. Qxb6 axb6 9. Na3 e6 10. Nb5 Kd7 11. a4 Ne8 12. f3 Bh5 13. Ne2 Nd6 14. Kd2 Bg6 15. Bxd6 Bxd6 16. Nxd6 Kxd6 17. Nf4 Bxd3 18.
Nxd3 Ra5 19. b3 Rha8 20. Rac1 b5 21. axb5 Rxb5 22. Nc5 b6 23. c4 Rb4 24. Nd3 Rxb3 25.
c5+ bxc5 26. dxc5+ Kd7 27. Ra1 Raa3 28. Rxa3 Rxa3 29. Ke3 Ne5 30. Rd1 Kc6 0-1

[Event "Early-Titled-Tuesday-Blitz-April-02-2024"]
[Site "Chess.com"]
[Date "2024.04.02"]
[Round "8"]
[White "Irina_Mikhaylova"]
[Black "Itay121"]
[Result "0-1"]
[WhiteElo "2329"]
[BlackElo "2520"]
[TimeControl "180+1"]
[EndTime "9:26:49 PDT"]
[Termination "Itay121 won by resignation"]

1. d4 e6 2. Nf3 d5 3. c4 dxc4 4.
e3 a6 5. Bxc4 b5 6. Bd3 Bb7 7.
Qe2 Nd7 8. O-O Ngf6 9. Rd1 Bd6 10. b3 Qe7 11. Bb2 O-O 12. Nbd2 c5 13. a4 b4 14. Nc4 Bc7 15. e4 cxd4 16. Nxd4 Nc5 17. f3 Nxd3 18. Rxd3 Rfd8 19. Rad1 Rd7 20. Nc2 Rad8 21.
Rxd7 Rxd7 22. Rxd7 Nxd7 23. Qd2 a5 24. Be5 Nxe5 25.
Nxe5 Bxe5 0-1

[Event "Early-Titled-Tuesday-Blitz-April-02-2024"]
[Site "Chess.com"]
[Date "2024.04.02"]
[Round "8"]
[White "IshviAggarwal"]
[Black "C_K_G"]
[Result "0-1"]
[WhiteElo "2143"]
[BlackElo "2272"]
[TimeControl "180+1"]
[EndTime "9:26:50 PDT"]
[Termination "C_K_G won by resignation"]

1. d4 d5 2. c4 e6 3. Nf3 Nf6 4. cxd5 exd5 5. Nc3 a6 6. Bg5 Be7 7. e3 O-O 8. Qc2 h6 9. Bh4 Re8 10. Bd3 b6 11. O-O Nbd7 12. Ne5 Bb7 13. f4 c5 14. Nxf7 Kxf7 15. Bg6+ Kg8 16. Bxe8 Nxe8 17. Bxe7 Qxe7 18. Rad1 Qxe3+ 19. Kh1 Nef6 20. dxc5 Nxc5 21. Qg6 Nce4 22. Nxe4 dxe4 23. Rc1 Qe2 24. Rfe1 Qd2 25. Red1 Qxf4 26. Rf1 Qg5 27. Qxg5 hxg5 28. Rc7 Bd5 29. Rf5 e3 30. Rxg5 e2 31. Re7 Be4 32. Rgxg7+ Kh8 0-1

[Event "Early-Titled-Tuesday-Blitz-April-02-2024"]
[Site "Chess.com"]
[Date "2024.04.02"]
[Round "8"]
[White "Pragmatist237"]
[Black "KorolDimitriy75"]
[Result "1-0"]
[WhiteElo "2276"]
[BlackElo "2371"]
[TimeControl "180+1"]
[EndTime "9:26:58 PDT"]
[Termination "Pragmatist237 won on time"]

1. e4 c5 2. Nf3 d6 3. d4 cxd4 4.
Qxd4 a6 5. Be2 Nc6 6. Qe3 g6 7. O-O Bg7 8. c4 Nf6 9. Nc3 O-O 10. h3 Nd7 11. a3 a5 12. Rb1 a4 13. Rd1 Nc5 14. Bd2 h6 15. Nb5 Bd7 16. Bc3 Qb6 17.
Bxg7 Kxg7 18. Nc3 Be6 19. Nd5 Qa7 20. Nd4 Rac8 21. Nf4 Bd7 22. Nd5 Be6 23. Qc3 1-0

[Event "Early-Titled-Tuesday-Blitz-April-02-2024"]
[Site "Chess.com"]
[Date "2024.04.02"]
[Round "8"]
[White "mary-sanna"]
[Black "NovakRatko"]
[Result "0-1"]
[WhiteElo "2228"]
[BlackElo "2447"]
[TimeControl "180+1"]
[EndTime "9:27:01 PDT"]
[Termination "NovakRatko won on time"]

1. d4 d5 2. Nc3 c5 3. e3 cxd4 4. exd4 Nc6 5. Bf4 f6 6. Nf3 Bg4 7. Be2 e6 8. O-O Bd6 9. Bxd6 Qxd6 10. Nb5 Qd7 11. a4 a6 12. Nc3 Nge7 13. Re1 Bh5 14. Qd2 O-O 15. Nd1 Bf7 16. c3 Ng6 17. Bf1 Qd6 18. h4 Nf4 19. g3 Nh5 20. Ne3 h6 21. Ng2 e5 22. dxe5 fxe5 23. Rad1 e4 24. Nd4 Ne5 25.
Be2 Nf6 26. Nf5 Qe6 27. Nd4 Qc8 28. Kh1 Qh3+ 29. Kg1 Nfg4 30. Bxg4 Nxg4 31. Kf1 Bh5 32. f4 exf3 0-1

[Event "Early-Titled-Tuesday-Blitz-April-02-2024"]
[Site "Chess.com"]
[Date "2024.04.02"]
[Round "8"]
[White "frequentblunders"]
[Black "maurovargas01"]
[Result "1-0"]
[WhiteElo "2220"]
[BlackElo "1855"]
[TimeControl "180+1"]
[EndTime "9:27:01 PDT"]
[Termination "frequentblunders won by checkmate"]

1. d3 e5 2. f4 Nc6 3. Nf3 d6 4. e4 g6 5. Nc3 Bg7 6. Be2 exf4 7. Bxf4 Nf6 8. O-O O-O 9. h3 Nh5 10. Be3 Ng3 11. Rf2 Nxe2+ 12. Qxe2 b6 13. Raf1 Bb7 14.
Bg5 f6 15. Be3 f5 16. Kh1 fxe4 17. dxe4 Qe8 18. Nd5 Rc8 19. Bc1 Nd4 20. Nxd4 Bxd4 21. Rxf8+ Qxf8 22. Rxf8+ Kxf8 23. Bh6+ Kg8 24. Ne7+ Kf7 25.
Nxc8 Bxc8 26. c3 Bf6 27. Qf3 Ke7 28. Bf8+ Kf7 29. g4 g5 30. h4 h6 31. Bxh6 Kg6 32. h5+ Kf7 33. Bxg5 Bxg4 34. Qxf6+ Kg8 35. h6 Bh5 36.
Qg7# 1-0

[Event "Early-Titled-Tuesday-Blitz-April-02-2024"]
[Site "Chess.com"]
[Date "2024.04.02"]
[Round "8"]
[White "Vahe_Danielyan"]
[Black "shimastream"]
[Result "0-1"]
[WhiteElo "2643"]
[BlackElo "3008"]
[TimeControl "180+1"]
[EndTime "9:27:02 PDT"]
[Termination "shimastream won on time"]

1. e4 c6 2. d4 d5 3. e5 Bf5 4.
h4 a6 5. g4 Bd7 6. f4 h5 7. g5 g6 8. Bd3 Bg4 9. Qd2 e6 10. Ne2 c5 11. c3 Nc6 12. dxc5 Bxc5 13. b4 Ba7 14. Na3 Nge7 15. Ng3 O-O 16. Nc2 b5 17. a4 d4 18. Ne4 dxc3 19. Qxc3 Nd4 20. Be3 Rc8 21. Nc5 Nxc2+ 22. Qxc2 Nd5 23. Bd2 a5 24.
axb5 Nxb4 25. Bxb4 Qd4 26. Qc3 Qe3+ 27. Kf1 Qxf4+ 28.
Ke1 axb4 29. Qd2 Qxe5+ 30. Ne4 Qxa1+ 0-1

[Event "Early-Titled-Tuesday-Blitz-April-02-2024"]
[Site "Chess.com"]
[Date "2024.04.02"]
[Round "8"]
[White "Dixit_Nikhil"]
[Black "alexrustemov"]
[Result "0-1"]
[WhiteElo "2645"]
[BlackElo "2882"]
[TimeControl "180+1"]
[EndTime "9:27:06 PDT"]
[Termination "alexrustemov won by resignation"]

1. e4 e6 2. d4 d5 3. e5 c5 4.
c3 Qb6 5. Nf3 Bd7 6. Be2 Bb5 7.
dxc5 Bxc5 8. b4 Bxe2 9. Qxe2 Bf8 10. O-O Ne7 11. a3 Nd7 12. c4 dxc4 13. Nc3 Nd5 14.
Nxd5 exd5 15. Be3 Qe6 16. Nd4 Qxe5 17. Qg4 Bd6 18. Nf3 h5 19. Qh4 Qe4 20. Qg5 O-O 21.
Qxh5 Nf6 22. Qh3 Rfe8 23. Bd4 Qg6 24. Rae1 Ne4 25. Qd7 Re7 26. Qh3 Rae8 27. Nh4 Qh5 28. Nf5 Qxh3 29. Nxe7+ Bxe7 30. gxh3 Nd2 31. Re5 Nf3+ 0-1

[Event "Early-Titled-Tuesday-Blitz-April-02-2024"]
[Site "Chess.com"]
[Date "2024.04.02"]
[Round "8"]
[White "Aslanov_Umid"]
[Black "David_ATM"]
[Result "0-1"]
[WhiteElo "2615"]
[BlackElo "2429"]
[TimeControl "180+1"]
[EndTime "9:27:06 PDT"]
[Termination "David_ATM won by resignation"]

1. e4 e5 2. Nf3 Nc6 3. Bc4 Bc5 4. O-O d6 5. c3 Nf6 6. d3 a6 7. a4 Ba7 8. Nbd2 h6 9. Re1 Bg4 10. Nf1 g5 11. Be3 Bh5 12. Bxa7 Rxa7 13. Ng3 Bg6 14.
d4 Qe7 15. b4 O-O 16. d5 Nb8 17. Qd2 Nbd7 18. h4 Nh7 19. h5 Kg7 20. hxg6 fxg6 21. Nh2 a5 22. Nhf1 b6 23. Ne3 Rf4 24. Bd3 Qf7 25.
f3 Qf8 26. Ne2 Rf7 27. Nc4 Ra8 28. bxa5 bxa5 29. Rab1 Nc5 30. Bc2 Qe7 31. Rb5 Raf8 32. Nxa5 g4 33. Nc6 Qh4 34. g3 Qh3 35. f4 exf4 36.
gxf4 g3 37. Qd4+ Kg8 0-1

[Event "Early-Titled-Tuesday-Blitz-April-02-2024"]
[Site "Chess.com"]
[Date "2024.04.02"]
[Round "8"]
[White "newauto"]
[Black "romulocardoso"]
[Result "0-1"]
[WhiteElo "2187"]
[BlackElo "2443"]
[TimeControl "180+1"]
[EndTime "9:27:09 PDT"]
[Termination "romulocardoso won by resignation"]

1. d4 Nf6 2. Nf3 e6 3. Bg5 d5 4. Nbd2 Be7 5. e3 O-O 6. Bd3 c5 7. c3 Nbd7 8. O-O b6 9. Re1 Bb7 10. Rc1 Ne4 11. Bf4 f5 12. Ne5 g5 13. Bxe4 gxf4 14. Bf3 Nxe5 15. dxe5 fxe3 16. Rxe3 d4 17.
Re1 dxc3 18. Rxc3 Bxf3 19. Nxf3 Qxd1 20. Rxd1 Rad8 21. Rcd3 Rxd3 22. Rxd3 Rd8 23. Rxd8+ Bxd8 24. b3 Kf7 25. a4 Ke8 26. Kf1 Kd7 27. Ke2 Kc6 28. Kd3 Kd5 29. h3 h6 30. g3 Bc7 31.
g4 Bxe5 32. g5 hxg5 33. Nxg5 Bf6 34. f4 e5 35. Nh7 e4+ 36. Ke2 Be7 37. Ng5 Kd4 38.
h4 Kc3 39. h5 Kxb3 40. h6 c4 41. Ne6 Bf6 42. Ng7 c3 43. Nxf5 c2 44. Kd2 Kb2 0-1

[Event "Early-Titled-Tuesday-Blitz-April-02-2024"]
[Site "Chess.com"]
[Date "2024.04.02"]
[Round "8"]
[White "Ginger_GM"]
[Black "Savagelittlemole"]
[Result "1-0"]
[WhiteElo "2634"]
[BlackElo "2528"]
[TimeControl "180+1"]
[EndTime "9:27:14 PDT"]
[Termination "Ginger_GM won by resignation"]

1. e4 c5 2. Be2 g6 3. f4 Bg7 4. Nf3 Nc6 5. O-O d6 6. d3 Bg4 7. Nbd2 Nd4 8. Nxd4 Bxd4+ 9. Kh1 Bxe2 10. Qxe2 Bg7 11. f5 Nf6 12. Qf2 Qd7 13. Nc4 O-O 14.
Qh4 b5 15. Ne3 Qb7 16. Rf3 Rfe8 17. Rh3 c4 18. Bd2 cxd3 19. cxd3 Rac8 20. Bc3 h6 21.
Bxf6 exf6 22. Ng4 h5 23. Nxf6+ Bxf6 24. Qxf6 Qe7 25. Qd4 Qe5 26. Qf2 Qxb2 27. Qxb2 1-0

[Event "Early-Titled-Tuesday-Blitz-April-02-2024"]
[Site "Chess.com"]
[Date "2024.04.02"]
[Round "8"]
[White "LLariMarc"]
[Black "Bykov_Egor"]
[Result "0-1"]
[WhiteElo "2415"]
[BlackElo "2640"]
[TimeControl "180+1"]
[EndTime "9:27:16 PDT"]
[Termination "Bykov_Egor won by checkmate"]

1. d4 Nf6 2. Nf3 d5 3. Bg5 e6 4. e3 c5 5. Nbd2 Nc6 6. c3 Be7 7. Bd3 O-O 8. O-O b6 9. Re1 Bb7 10. Qe2 Ne4 11. Bxe7 Nxe7 12. Ne5 f6 13. Nef3 Qc7 14.
Rad1 g5 15. h3 Ng6 16. c4 Rfe8 17. dxc5 bxc5 18. Nh2 Rad8 19. Ng4 Kg7 20. Bxe4 dxe4 21. Nf1 f5 22. Ngh2 Ne5 23. b3 Nd3 24. Ng3 Nxe1 25.
Rxe1 Qf7 26. Nhf1 Rd3 27. Qb2+ Kg6 28. Qe5 Red8 29. Qxc5 Rd1 30. Rxd1 Rxd1 31. Qxa7 f4 32. exf4 gxf4 33. Nh1 e3 34. fxe3 fxe3 35. Qxe3 Qxf1+ 36. Kh2 Qxh1+ 37. Kg3 Qxg2+ 38. Kf4 Qg5# 0-1

[Event "Early-Titled-Tuesday-Blitz-April-02-2024"]
[Site "Chess.com"]
[Date "2024.04.02"]
[Round "8"]
[White "zajka-molotok"]
[Black "Binary010"]
[Result "1/2-1/2"]
[WhiteElo "2567"]
[BlackElo "2778"]
[TimeControl "180+1"]
[EndTime "9:27:17 PDT"]
[Termination "Game drawn by repetition"]

1. b3 e5 2. Bb2 Nc6 3. e3 Nf6 4. Nf3 e4 5. Ne5 Ne7 6. f3 d6 7.
Nc4 Ng6 8. fxe4 Nxe4 9. Qf3 d5 10.
Ne5 Nxe5 11. Bxe5 Qe7 12. Bb2 Be6 13. Bd3 f5 14. Nc3 O-O-O 15. O-O-O Qd7 16. Ne2 Bd6 17. Nd4 Be5 18. Kb1 Rhf8 19. Rhf1 g6 20. g4 Ng5 21.
Qf2 Nh3 22. Qf3 Ng5 23. Qf2 Nh3 24. Qf3 Ng5 1/2-1/2

[Event "Early-Titled-Tuesday-Blitz-April-02-2024"]
[Site "Chess.com"]
[Date "2024.04.02"]
[Round "8"]
[White "akanga001"]
[Black "MusicCityMaster"]
[Result "0-1"]
[WhiteElo "2142"]
[BlackElo "2436"]
[TimeControl "180+1"]
[EndTime "9:27:17 PDT"]
[Termination "MusicCityMaster won by resignation"]

1. d4 Nf6 2. Nf3 g6 3. Bg5 Bg7 4. e3 O-O 5. Nbd2 d6 6. c3 b6 7.
Be2 Bb7 8. a4 a6 9. O-O c5 10. Qc2 cxd4 11. exd4 Nbd7 12. Rae1 Rc8 13. Bd3 Re8 14. Ne4 Qc7 15. Qd2 Nxe4 16. Bxe4 Nf6 17.
Bxb7 Qxb7 18. Re2 Qc6 19. Qc2 e6 20. Rfe1 Nd5 21. Bc1 b5 22. axb5 axb5 23. Qd1 b4 24. cxb4 Nxb4 25. Bf4 Red8 26. Qb3 Qc4 27. Qxc4 Rxc4 28.
Bg5 Rdc8 29. h4 h6 30. Bf4 Nd3 31. Bxd6 Nxe1 32. Rxe1 Bxd4 33. Nxd4 Rxd4 34. Re2 Rxd6 0-1

[Event "Early-Titled-Tuesday-Blitz-April-02-2024"]
[Site "Chess.com"]
[Date "2024.04.02"]
[Round "8"]
[White "Fy_Rakotomaharo"]
[Black "noblerone"]
[Result "1-0"]
[WhiteElo "2701"]
[BlackElo "2553"]
[TimeControl "180+1"]
[EndTime "9:27:23 PDT"]
[Termination "Fy_Rakotomaharo won by resignation"]

1. e4 c5 2. a4 Nc6 3. Bb5 Nd4 4. c3 Nxb5 5. axb5 b6 6. d4 Bb7 7. d5 g6 8. Nf3 Bg7 9. O-O Nf6 10. Re1 O-O 11. c4 d6 12. Nc3 e5 13. Bg5 h6 14. Bd2 Ne8 15. Ra3 f5 16. Qa1 Qb8 17. Qa2 Nf6 18. exf5 gxf5 19. Ra1 Ne4 20. Be1 Qc7 21.
Nxe4 fxe4 22. Nd2 Qf7 23. Nxe4 Qf4 24. Nxd6 Bc8 25. Rf3 Qg4 26. Rxf8+ Bxf8 27. Nxc8 Rxc8 28. Qxa7 Qxc4 29. Qxb6 Qe4 30. Qe6+ 1-0

[Event "Early-Titled-Tuesday-Blitz-April-02-2024"]
[Site "Chess.com"]
[Date "2024.04.02"]
[Round "8"]
[White "ricaurtelopezj1955"]
[Black "Malikova777"]
[Result "0-1"]
[WhiteElo "2162"]
[BlackElo "2314"]
[TimeControl "180+1"]
[EndTime "9:27:23 PDT"]
[Termination "Malikova777 won on time"]

1. e4 e6 2. d4 d5 3. exd5 exd5 4. Nf3 Bd6 5. c4 c6 6. Nc3 Ne7 7. Bd3 O-O 8. O-O h6 9. h3 Be6 10. c5 Bc7 11. Re1 Nd7 12. Bd2 b6 13. b4 a5 14. a3 Nf6 15. Ne5 Re8 16. f4 Qc8 17. Qf3 Bf5 18. g4 Bxd3 19. Qxd3 axb4 20. axb4 Rxa1 21.
Rxa1 bxc5 22. bxc5 h5 23. g5 Ne4 24. Nxe4 dxe4 25. Qxe4 Qxh3 26. Ra7 Bb8 27. Rb7 Nf5 28. Qxc6 Qg3+ 29. Kf1 Rf8 0-1

[Event "Early-Titled-Tuesday-Blitz-April-02-2024"]
[Site "Chess.com"]
[Date "2024.04.02"]
[Round "8"]
[White "zeitnotakrobat"]
[Black "Kate1606"]
[Result "1-0"]
[WhiteElo "2200"]
[BlackElo "2110"]
[TimeControl "180+1"]
[EndTime "9:27:23 PDT"]
[Termination "zeitnotakrobat won on time"]

1. Nf3 g6 2. c4 Bg7 3. g3 d6 4.
Bg2 c5 5. Nc3 Nc6 6. O-O e5 7. d3 Nge7 8. Bd2 O-O 9. a3 Rb8 10.
Rb1 a5 11. Ne1 Qd7 12. Nc2 Nd4 13. Ne3 a4 14. Re1 Nb3 15. Ned5 Nxd2 16. Qxd2 Nxd5 17.
Bxd5 Ra8 18. e3 Ra7 19. Rf1 b6 20. Qc2 Kh8 21. Nb5 Ra5 22. Rbe1 Rd8 23. Nc3 Bb7 24.
Bxb7 Qxb7 25. Nxa4 f5 26. Nc3 Rf8 27. e4 f4 28. f3 1-0

[Event "Early-Titled-Tuesday-Blitz-April-02-2024"]
[Site "Chess.com"]
[Date "2024.04.02"]
[Round "8"]
[White "slidingknight2775"]
[Black "CSB7"]
[Result "1/2-1/2"]
[WhiteElo "2612"]
[BlackElo "2772"]
[TimeControl "180+1"]
[EndTime "9:27:24 PDT"]
[Termination "Game drawn by agreement"]

1. Nf3 d5 2. e3 Nf6 3. b3 c5 4. Bb2 e6 5. Bb5+ Bd7 6. Be2 Nc6 7. O-O Bd6 8. d4 cxd4 9. Nxd4 O-O 10. c4 Rc8 11. Nc3 dxc4 12. Bxc4 a6 13. Nf3 Qc7 14. h3 Rfd8 15. Qe2 b5 16. Bd3 Ne5 17. Nxe5 Bxe5 18. Ne4 Bxb2 19. Qxb2 Nxe4 20. Bxe4 Bc6 21. Rac1 Qb6 22.
Bxc6 Rxc6 23. Rxc6 Qxc6 24. Rc1 Qd6 25. Qc3 h5 26.
Qa5 g6 27. a4 bxa4 28. Qxa4 Rb8 29. Ra1 Qb6 30. g3 Qxb3 31. Qxb3 Rxb3 32. Rxa6 Kg7 33. h4 Rb1+ 1/2-1/2

[Event "Early-Titled-Tuesday-Blitz-April-02-2024"]
[Site "Chess.com"]
[Date "2024.04.02"]
[Round "8"]
[White "ural58"]
[Black "Barbix1"]
[Result "1-0"]
[WhiteElo "2471"]
[BlackElo "2307"]
[TimeControl "180+1"]
[EndTime "9:27:30 PDT"]
[Termination "ural58 won on time"]

1. e4 c5 2. b3 e6 3. Bb2 d5 4.
exd5 exd5 5. Nf3 Nf6 6. Bb5+ Bd7 7. Qe2+ Qe7 8. Bxf6 gxf6 9. Nc3 Qxe2+ 10. Kxe2 Bxb5+ 11. Nxb5 Kd7 12. Rhe1 Nc6 13. Kf1 d4 14. c3 a6 15.
Na3 Rd8 16. cxd4 cxd4 17. Nc4 b5 18. Nb2 Bc5 19. Nd3 Bb6 20. Re4 Rhe8 21. Rae1 Re6 22.
Rh4 Rg8 23. Rxe6 fxe6 24. Rxh7+ Kd6 25. Rb7 Ba5 26. b4 Bxb4 27. Nxb4 Nxb4 28. Rb6+ Kd5 29. a3 Nc2 30. Rxa6 e5 31. d3 Rc8 32. g4 Rc3 33. Ra5 Nxa3 34. Ke2 Kc6 35. Ra6+ Kb7 36.
Rxf6 b4 37. Rf7+ Kb6 38. Rf6+ Kb5 39. Rf8 b3 40. Rb8+ Ka4 41. Nxe5 Nb5 42. Nc4 Rc2+ 43. Kf3 b2 44. Nxb2+ Rxb2 45. g5 Rd2 46. g6 Rxd3+ 47. Kg2 Rc3 48. g7 1-0

[Event "Early-Titled-Tuesday-Blitz-April-02-2024"]
[Site "Chess.com"]
[Date "2024.04.02"]
[Round "8"]
[White "Journey_to_GrandMaster_YT"]
[Black "IsmaelAmadorGarcia"]
[Result "1-0"]
[WhiteElo "2573"]
[BlackElo "2351"]
[TimeControl "180+1"]
[EndTime "9:27:35 PDT"]
[Termination "Journey_to_GrandMaster_YT won on time"]

1. d4 Nf6 2. Nf3 d5 3. c4 e6 4. Nc3 Bb4 5. Bg5 h6 6. Bxf6 Qxf6 7. Qb3 Nc6 8. e3 Qg6 9. cxd5 exd5 10. Qxd5 Be6 11.
Qb5 O-O 12. Qd3 Bf5 13. Qc4 b5 14. Qxb5 a6 15. Qc4 Be4 16. d5 Bxc3+ 17. bxc3 Ne7 18. Nh4 Qh7 19. Rd1 Rfd8 20. Bd3 Bxd3 21. Rxd3 Nxd5 22. O-O Nb6 23. Rxd8+ Rxd8 24. Qxc7 Qd3 25. Qxb6 Rc8 26. Qd4 Qe2 27. a4 Rc4 28. Qd8+ Kh7 29. Nf5 Rxc3 30. Qd4 1-0

[Event "Early-Titled-Tuesday-Blitz-April-02-2024"]
[Site "Chess.com"]
[Date "2024.04.02"]
[Round "8"]
[White "ATM622"]
[Black "ChessboArt"]
[Result "1-0"]
[WhiteElo "2507"]
[BlackElo "2290"]
[TimeControl "180+1"]
[EndTime "9:27:38 PDT"]
[Termination "ATM622 won by checkmate"]

1. d4 Nf6 2. c4 g6 3. g3 Bg7 4. Bg2 d6 5. Nf3 O-O 6. O-O c6 7. Nc3 Qa5 8. e4 e5 9. d5 cxd5 10. cxd5 b5 11. Nd2 b4 12. Ne2 Nbd7 13. Nc4 Qc7 14. b3 a5 15. f3 Ba6 16. Ne3 Rac8 17.
Bd2 Qb6 18. Kh1 Rc7 19. Rc1 Rfc8 20. f4 Bd3 21. fxe5 Nxe5 22. Nf4 Nxe4 23. Rxc7 Rxc7 24. Nxd3 Nxd2 25. Qxd2 Nxd3 26. Nc4 Qd4 27. Qe2 Rxc4 28. Qe8+ Bf8 29. Qxf7+ Kh8 30. Qxf8# 1-0